 Dungeon Crawl Stone Soup version 0.19-a0-1498-g0b85ae9 (webtiles) character file.

14956 patman the Nimble (level 11, -1/100 HPs)
             Began as a Purple Draconian Hunter on Aug 8, 2016.
             Was a High Priest of Makhleb.
             Slain by an orc warrior
             ... wielding a +0 glaive
             ... led by an orc knight
              (20 damage)
             ... on level 1 of the Orcish Mines on Sept 10, 2016.
             The game lasted 00:34:40 (12461 turns).

patman the Nimble (Purple Draconian Hunter)        Turns: 12461, Time: 00:34:40

Health: -1/100     AC: 10    Str: 17    XL:     11   Next: 95%
Magic:  11/11      EV: 19    Int: 15    God:    Makhleb [*****.]
Gold:   548        SH:  3    Dex: 15    Spells: 0 memorised, 10 levels left

rFire  + . .     SeeInvis .     W - +3 arbalest of Honesty {velocity, rPois Str+3 Int+3} (curse)
rCold  . . .     Gourm    .     (armour unavailable)
rNeg   + . .     Faith    .     (shield currently unavailable)
rPois  +         Spirit   .     (helmet restricted)
rElec  .         Dismiss  .     (no cloak)
rCorr  .         Reflect  +     Y - +2 pair of gloves
MR     +....     Harm     .     (no boots)
Stlth  ++........               E - +3 amulet of reflection
                                N - ring of protection from fire
                                D - ring of positive energy

@: no status effects
A: breathe power, unfitting armour, cold-blooded, AC +7
a: Breathe Dispelling Energy, Minor Destruction, Lesser Servant of Makhleb,
Major Destruction, Greater Servant of Makhleb, Renounce Religion


You were on level 1 of the Orcish Mines.
You worshipped Makhleb.
Makhleb was extremely pleased with you.
You were not hungry.

You visited 2 branches of the dungeon, and saw 13 of its levels.

You collected 861 gold pieces.
You spent 313 gold pieces at shops.

Inventory:

Hand Weapons
 a - a +1 great mace of crushing
 b - a +2 flail of crushing
 W - the cursed +3 arbalest of Honesty (weapon) {velocity, rPois Str+3 Int+3}
   (You bought it in a shop on level 1 of the Orcish Mines)

   Any bolt fired from it inflicts extra damage.
   It affects your strength (+3).
   It affects your intelligence (+3).
   It protects you from poison.
   It has a curse placed upon it.
Missiles
 c - 3 throwing nets
 g - 29 poisoned needles
 v - 3 javelins
 B - 24 tomahawks
 X - 56 bolts (quivered)
Armour
 I - the +0 buckler "Remicap" {rElec rPois Str+5 Stlth-}
   (You found it on level 8 of the Dungeon)

   It affects your strength (+5).
   It insulates you from electricity.
   It protects you from poison.
   It makes you less stealthy.
 Y - a +2 pair of gloves (worn)
Magical Staves
 G - an uncursed staff of fire
Jewellery
 D - a ring of positive energy (left hand)
 E - a +3 amulet of reflection (around neck)
 N - a ring of protection from fire (right hand)
Wands
 K - a wand of enslavement (5/24)
 L - a wand of iceblast (7/15)
 O - a wand of paralysis (7/24)
 T - a wand of disintegration (6/24)
 V - a wand of lightning (5/15)
 Z - a wand of teleportation (6/9)
Scrolls
 e - a scroll of fear
 f - 7 scrolls of teleportation
 l - a scroll of enchant armour
 m - 2 scrolls of magic mapping
 n - 3 scrolls of recharging
 p - 3 scrolls of enchant weapon
 y - 2 scrolls of amnesia
 F - a scroll of blinking
 J - a scroll of fog {unknown}
 Q - a scroll of immolation {unknown}
 U - a scroll of remove curse
Potions
 i - 5 potions of flight
 k - 2 potions of lignification
 o - a potion of magic
 r - a potion of resistance
 s - 2 potions of haste {unknown}
 t - a potion of degeneration {unknown}
 u - 3 potions of curing
 w - 2 potions of agility
 x - a potion of might {unknown}
 z - a potion of mutation {unknown}
 M - 2 potions of berserk rage {unknown}
 S - 2 potions of brilliance {unknown}
Books
 q - a book of Dreams

   Spells                             Type                      Level
   a - Ensorcelled Hibernation        Hexes/Ice                    2
   b - Silence                        Hexes/Air                    5
   c - Darkness                       Hexes                        6
   d - Shadow Creatures               Summoning                    6
 C - a book of Minor Magic

   Spells                             Type                      Level
   a - Magic Dart                     Conjuration                  1
   b - Blink                          Translocation                2
   c - Call Imp                       Summoning                    2
   d - Repel Missiles                 Charms/Air                   2
   e - Slow                           Hexes                        2
   f - Conjure Flame                  Conjuration/Fire             3
   g - Mephitic Cloud                 Conjuration/Poison/Air       3
 H - a book of Ice

   Spells                             Type                      Level
   a - Ice Form                       Ice/Transmutation            4
   b - Metabolic Englaciation         Hexes/Ice                    5
   c - Ozocubu's Refrigeration        Ice                          6
   d - Bolt of Cold                   Conjuration/Ice              6
   e - Freezing Cloud                 Conjuration/Ice/Air          6
   f - Simulacrum                     Ice/Necromancy               6
 P - Zotronn's Collected Works on the Mountains and Creation
   (You found it on level 10 of the Dungeon)

   Spells                             Type                      Level
   a - Sandblast                      Earth                        1
   b - Summon Butterflies             Summoning                    1
   c - Summon Small Mammal            Summoning                    1
   d - Call Canine Familiar           Summoning                    3
   e - Leda's Liquefaction            Hexes/Earth                  4
   f - Bolt of Magma                  Conjuration/Fire/Earth       5
   g - Summon Forest                  Summoning/Translocation      5
Comestibles
 d - 9 bread rations
 h - 4 chunks of flesh
 j - 3 beef jerkies
 A - 2 meat rations
 R - 7 fruits


   Skills:
 - Level 10.2 Fighting
 - Level 7.2 Maces & Flails
 * Level 9.7 Crossbows
 - Level 3.6 Throwing
 - Level 10.8 Dodging
 - Level 0.8 Stealth


You had 10 spell levels left.
You didn't know any spells.

Dungeon Overview and Level Annotations

Branches:
Dungeon (11/15)            Temple (0/1) D:6            Lair (0/6) D:10
    Orc (2/2) D:9
    Elf: Orc:2

Altars:
Fedhas
Makhleb
Nemelex Xobeh
Okawaru
Qazlal
Xom
Zin

Shops:
Orc:1 (


Innate Abilities, Weirdness & Mutations

You can breathe bolts of dispelling energy.
Your rich purple scales are hard. (AC +7)
Your body does not fit into most forms of armour.
You are cold-blooded and may be slowed by cold attacks.


Message History

Unknown command.
Unknown command.
Evoke which item? (* to show all) (? for menu, Esc to quit)
Zapping:
T - a wand of disintegration (will waste charges)
Press: ? - help, Shift-Dir - straight line The rock wall explodes into countless fragments.
Evoking this partially-identified wand wasted a few charges.
The orc warrior closely misses you. x2; The troll barely misses you.
The troll completely misses you. The troll claws you.
The orc warrior hits you with a hand axe!
* * * LOW HITPOINT WARNING * * *
The orc warrior hits you with a flail!
* * * LOW HITPOINT WARNING * * *
Evoke which item? (* to show all) (? for menu, Esc to quit)
Zapping:
T - a wand of disintegration {zapped: 3} (will waste charges)
Press: ? - help, Shift-Dir - straight line The rock wall explodes into countless fragments.
Evoking this partially-identified wand wasted a few charges.
The orc warrior hits you with a glaive!!
You die...

## ### ##.###.# ###
####@###.#### ####.#
####.To###.....# #.#.###
##....oo[##.....####...#.
##....#...o...........#...
#....##......##......###..
#....####...####.....####.
##....#......##..∩...##...
###..........#..#....#...
#......#.#.....##<....#


You could see a troll and 3 orc warriors.

Vanquished Creatures
  A death yak (D:10)
  An unseen horror (D:11)
  Pikel (D:5)
  3 hill giants (D:10)
  An orc knight (Orc:1)
  An ugly thing (D:11)
  A cyclops (D:11)
  A manticore (D:10)
  An elephant (D:10)
  A gargoyle (D:10)
  2 two-headed ogres
  A troll (D:11)
  Sigmund (D:5)
  A spriggan (D:7)
  A wyvern (D:10)
  6 yaks (D:11)
  A hungry ghost (D:5)
  2 hippogriffs
  A water moccasin (D:7)
  11 orc warriors
  4 ice beasts
  5 sky beasts
  A wasp (D:8)
  A phantom (D:11)
  2 black bears
  2 slaves (D:5)
  9 ogres
  4 centaurs
  2 crocodiles (D:10)
  2 big kobolds
  10 giant frogs
  A gnoll sergeant (D:10)
  A wyvern zombie (D:11)
  2 scorpions (D:10)
  16 killer bees
  3 wights (D:10)
  3 howler monkeys (D:8)
  3 crimson imps
  A wasp zombie (D:11)
  A giant frog zombie (D:9)
  2 centaur skeletons
  7 orc priests
  5 jellies
  5 hounds
  3 gnoll shamans (D:7)
  4 giant frog skeletons
  2 iguanas
  18 orc wizards
  8 worker ants
  A hound zombie (D:7)
  A hound skeleton (D:4)
  18 gnolls
  10 adders
  3 shadow imps
  2 oozes
  An adder zombie (D:5)
  An adder skeleton (D:9)
  A worm (D:2)
  A dart slug (D:1)
  5 giant geckos
  46 orcs
  A ball python (D:4)
  5 giant cockroaches
  10 goblins
  3 hobgoblins
  13 jackals
  14 kobolds
  2 quokkas
  A ball python skeleton (D:5)
  4 bats (D:3)
  4 giant newts
  A quokka skeleton (D:8)
  9 rats
  5 fungi (D:7)
328 creatures vanquished.

Vanquished Creatures (others)
  A centaur (D:5)
  An orc wizard (D:9)
  An orc (D:9)
  A fungus (D:7)
  3 plants (D:7)
7 creatures vanquished.

Grand Total: 335 creatures vanquished

Notes
Turn   | Place    | Note
-------+----------+-------------------------------------------
     0 | D:1      | patman the Draconian Hunter began the quest for the Orb.
     0 | D:1      | Reached XP level 1. HP: 17/17 MP: 1/1
   104 | D:1      | Reached XP level 2. HP: 10/24 MP: 2/2
   616 | D:1      | Reached XP level 3. HP: 19/29 MP: 3/3
  1136 | D:2      | Reached XP level 4. HP: 35/36 MP: 4/4
  1166 | D:2      | Upgraded the game from 0.19-a0-1097-g38e3b35 to 0.19-a0-1107-gc676ff4
  1166 | D:2      | Upgraded the game from 0.19-a0-1107-gc676ff4 to 0.19-a0-1111-gcceb26a
  1166 | D:2      | Upgraded the game from 0.19-a0-1111-gcceb26a to 0.19-a0-1493-gd0fcaa6
  1948 | D:3      | Found a glowing silver altar of Zin.
  1963 | D:3      | Found a burning altar of Makhleb.
  2012 | D:3      | Became a worshipper of Makhleb the Destroyer
  2326 | D:3      | Found an iron altar of Okawaru.
  2343 | D:3      | Found a shimmering altar of Xom.
  2701 | D:4      | Noticed an ogre
  2709 | D:4      | Killed an ogre
  2709 | D:4      | Reached XP level 5. HP: 2/41 MP: 5/5
  3508 | D:5      | Entered Level 5 of the Dungeon
  3527 | D:5      | Noticed Sigmund
  3555 | D:5      | Killed Sigmund
  3555 | D:5      | Reached XP level 6. HP: 48/48 MP: 6/6
  3734 | D:5      | Reached skill level 5 in Maces & Flails
  3853 | D:5      | Your scales start taking on a rich purple colour.
  3853 | D:5      | Reached XP level 7. HP: 39/55 MP: 7/7
  4018 | D:5      | Noticed a hungry ghost
  4034 | D:5      | Killed a hungry ghost
  4049 | D:5      | Found a blossoming altar of Fedhas.
  4090 | D:5      | Reached skill level 5 in Dodging
  4218 | D:5      | Reached * piety under Makhleb
  4317 | D:5      | Reached XP level 8. HP: 43/66 MP: 8/8
  4477 | D:5      | Noticed Pikel
  4499 | D:5      | Killed Pikel
  4499 | D:5      | Reached skill level 5 in Fighting
  5015 | D:6      | Found a sparkling altar of Nemelex Xobeh.
  5343 | D:6      | Found a staircase to the Ecumenical Temple.
  5506 | D:7      | Reached XP level 9. HP: 78/78 MP: 9/9
  5961 | D:7      | Reached ** piety under Makhleb
  7713 | D:8      | Reached XP level 10. HP: 84/91 MP: 10/10
  8083 | D:8      | Reached *** piety under Makhleb
  8409 | D:8      | Got a distressingly furry buckler
  8415 | D:8      | Identified the cursed +0 buckler "Remicap" {rElec rPois Str+5 Stlth-} (You found it on level 8 of the Dungeon)
  8728 | D:9      | Found a stormy altar of Qazlal.
  8743 | D:9      | Reached skill level 10 in Fighting
  8786 | D:9      | Upgraded the game from 0.19-a0-1493-gd0fcaa6 to 0.19-a0-1498-g0b85ae9
  9317 | D:9      | Reached skill level 10 in Dodging
  9340 | D:9      | HP: 2/93 [orc priest/divine providence (12)]
  9725 | D:9      | Found a staircase to the Orcish Mines.
  9782 | Orc:1    | Entered Level 1 of the Orcish Mines
  9782 | Orc:1    | Found Wolil's Antique Weapon Shop.
  9786 | Orc:1    | Bought an encrusted arbalest for 313 gold pieces
  9857 | Orc:2    | Entered Level 2 of the Orcish Mines
  9859 | Orc:2    | Noticed an orc knight
  9889 | D:9      | Identified the cursed +3 arbalest of Honesty {velocity, rPois Str+3 Int+3} (You bought it in a shop on level 1 of the Orcish Mines)
 10269 | D:9      | You fall through a shaft for 2 floors!
 10269 | D:11     | Noticed a cyclops
 10275 | D:11     | Killed a cyclops
 10345 | D:11     | Killed an unseen horror
 10455 | D:11     | Reached **** piety under Makhleb
 10612 | D:11     | Reached XP level 11. HP: 59/100 MP: 11/11
 10806 | D:11     | Noticed a red ugly thing
 10822 | D:11     | Reached skill level 5 in Crossbows
 10826 | D:11     | Killed a red ugly thing
 11264 | D:10     | Entered Level 10 of the Dungeon
 11444 | D:10     | Noticed a death yak
 11462 | D:10     | HP: 5/100 [death yak (15)]
 11476 | D:10     | Killed a death yak
 11485 | D:10     | Reached ***** piety under Makhleb
 11521 | D:10     | Found a staircase to the Lair.
 11531 | D:10     | Identified Zotronn's Collected Works on the Mountains and Creation
 11542 | D:10     | Noticed a hill giant
 11547 | D:10     | Killed a hill giant
 11653 | D:10     | Noticed a hill giant
 11657 | D:10     | Killed a hill giant
 11735 | D:10     | Noticed a hill giant
 11739 | D:10     | Killed a hill giant
 12433 | Orc:1    | Killed an orc knight
 12456 | Orc:2    | Noticed an orc knight
 12461 | Orc:1    | Slain by an orc warrior

Vault maps used:
D:1:      lemuel_arrival_funnel
D:3:      kennysheep_big_flooded_room, nicolae_overflow_quartered_altars,
          first_bread
D:5:      grunt_ministairs_7, fedhas_altar_1, uniq_sigmund, uniq_pikel
D:6:      nemelex_xobeh_ov_fountains_minmay
D:7:      kennysheep_seaside_town, lightli_ossuary_entry_decrepit_ruins,
          the_bakery
D:9:      david_orc_4, serial_park_tiny_pond, nicolae_qazlal_style_of_elements
D:10:     david_lair_generic
Orc:1:    serial_shops, shop, basic_altar
Orc:2:    st_orc_ogre_mass

Skill      XL: |  1  2  3  4  5  6  7  8  9 10 11 |
---------------+----------------------------------+-----
Dodging        | 2 3 4 5 6 8 10 | 10.8
Maces & Flails | 2 4 5 6 7 |  7.2
Fighting       | 4 6 9 10 | 10.2
Crossbows      | 3 9 |  9.7
Throwing       | |  3.6
Stealth        | |  0.8

Action                   |  1- 3 |  4- 6 |  7- 9 | 10-12 || total
-------------------------+-------+-------+-------+-------++-------
Melee: Short sword       |   141 |    83 |       |       ||   224
       Tailslap          |    21 |    23 |    68 |    51 ||   163
       Flail             |       |    51 |   442 |   285 ||   778
       Dagger            |       |       |    15 |       ||    15
       Arbalest          |       |       |       |     7 ||     7
 Fire: Arbalest          |       |       |       |   256 ||   256
Throw: Javelin           |     8 |    14 |    11 |     1 ||    34
       Tomahawk          |       |     3 |       |    13 ||    16
       Throwing net      |       |       |     4 |       ||     4
 Abil: Breathe Dispellin |       |       |     3 |     2 ||     5
Evoke: Wand              |       |       |       |     2 ||     2
  Use: Scroll            |     1 |     5 |     7 |     8 ||    21
       Potion            |       |     1 |     1 |     2 ||     4
 Stab: Sleeping          |     1 |     3 |     1 |     1 ||     6
       Held in net/web   |       |       |     1 |       ||     1
       Distracted        |       |       |       |     1 ||     1
  Eat: Chunk             |     1 |     7 |    14 |    13 ||    35
       Royal jelly       |       |     1 |       |       ||     1
       Beef jerky        |       |       |     1 |     1 ||     2
       Meat ration       |       |       |       |     1 ||     1
Armor: Skin              |    40 |    58 |    62 |   121 ||   281
Dodge: Dodged            |    94 |    77 |   298 |   464 ||   933
Block: Other             |       |       |    43 |    38 ||    81
       Reflection        |       |       |     1 |     3 ||     4
       Buckler           |       |       |       |    48 ||    48
